 Dungeon Crawl Stone Soup version 0.18.1-47-g9310371 (console) character file.

7888 Kloppie the Severer (level 11, -3/111 HPs)
             Began as a Hill Orc Gladiator on June 17, 2016.
             Was a Priest of Makhleb.
             Slain by Snorg (4 damage)
             ... on level 10 of the Dungeon.
             The game lasted 00:19:09 (10133 turns).

Kloppie the Severer (Hill Orc Gladiator)           Turns: 10133, Time: 00:19:10

Health: -3/111     AC: 14    Str: 25    XL:     11   Next: 22%
Magic:  11/11      EV: 17    Int:  8    God:    Makhleb [***...]
Gold:   218        SH:  0    Dex: 20    Spells: 0 memorised, 10 levels left

rFire  + . .     SeeInvis .     a - +0 war axe (venom)
rCold  + . .     Gourm    .     h - +1 scale mail {rF+}
rNeg   . . .     Faith    .     (no shield)
rPois  .         Spirit   .     v - +2 helmet
rElec  .         Dismiss  .     I - +2 cloak
rCorr  +         Reflect  .     (no gloves)
SustAt .         Harm     .     e - +0 pair of boots
MR     .....     Rnd*Tele +     l - amulet of magic regeneration
Stlth  +++.......               t - ring of stealth
                                q - ring of resist corrosion

@: mighty, agile, lethally poisoned (-3 -> -6), slowed, very slow, not resistant
to hostile enchantments, fairly stealthy
A: thin skeletal structure 1, blurry vision 2, cold resistance 1, deformed body,
robust 1, teleportitis 1, wild magic 1, MP-powered wands
a: Minor Destruction, Lesser Servant of Makhleb, Renounce Religion


You were on level 10 of the Dungeon.
You worshipped Makhleb.
Makhleb was most pleased with you.
You were not hungry.

You visited 2 branches of the dungeon, and saw 11 of its levels.

You collected 506 gold pieces.
You spent 288 gold pieces at shops.

Inventory:

Hand Weapons
 a - a +0 war axe of venom (weapon)
 b - a +0 hand axe of flaming
Missiles
 d - 4 throwing nets (quivered)
Armour
 e - a +0 pair of boots (worn)
 h - a +1 scale mail of fire resistance (worn)
 v - a +2 helmet (worn)
 I - a +2 cloak (worn)
Jewellery
 l - an amulet of magic regeneration (around neck)
 q - a ring of resist corrosion (left hand)
 t - a ring of stealth (right hand)
 S - an uncursed ring of wizardry
Wands
 c - a wand of digging (17/24)
 r - a wand of polymorph (15/24)
 w - a wand of digging (21/24)
 D - a wand of iceblast (2/15)
 E - a wand of flame (30/48)
 Q - a wand of enslavement (11/24)
Scrolls
 g - 2 scrolls of enchant armour
 j - 5 scrolls of remove curse
 m - 2 scrolls of teleportation
 n - 3 scrolls of blinking
 y - a scroll of amnesia
 J - a scroll of recharging
 N - 4 scrolls of identify
Potions
 k - 3 potions of brilliance
 o - 4 potions of cure mutation
 p - a potion of heal wounds
 s - 3 potions of lignification
 u - a potion of magic
 A - 2 potions of curing
 C - 4 potions of flight
 G - 2 potions of invisibility
 P - a potion of haste
Books
 x - a book of Ice

   Spells                             Type                      Level
   a - Ice Form                       Ice/Transmutation            4
   b - Metabolic Englaciation         Hexes/Ice                    5
   c - Ozocubu's Refrigeration        Ice                          6
   d - Bolt of Cold                   Conjuration/Ice              6
   e - Freezing Cloud                 Conjuration/Ice/Air          6
   f - Simulacrum                     Ice/Necromancy               6
 L - a book of Minor Magic

   Spells                             Type                      Level
   a - Magic Dart                     Conjuration                  1
   b - Blink                          Translocation                2
   c - Call Imp                       Summoning                    2
   d - Repel Missiles                 Charms/Air                   2
   e - Slow                           Hexes                        2
   f - Conjure Flame                  Conjuration/Fire             3
   g - Mephitic Cloud                 Conjuration/Poison/Air       3
 M - a book of Geomancy

   Spells                             Type                      Level
   a - Sandblast                      Earth                        1
   b - Passwall                       Transmutation/Earth          2
   c - Stone Arrow                    Conjuration/Earth            3
   d - Petrify                        Transmutation/Earth          4
   e - Lee's Rapid Deconstruction     Earth                        5
 R - a book of Fire

   Spells                             Type                      Level
   a - Ignite Poison                  Fire/Transmutation/Poison    3
   b - Fireball                       Conjuration/Fire             5
   c - Bolt of Fire                   Conjuration/Fire             6
   d - Delayed Fireball               Conjuration/Fire             7
   e - Ring of Flames                 Charms/Fire                  7
Comestibles
 f - 8 bread rations
 i - a beef jerky
 B - 6 meat rations
 F - 8 slices of pizza
 H - 17 fruits
 K - 2 chunks of flesh


   Skills:
 + Level 10.5 Fighting
 * Level 15.2 Axes
 - Level 1.7 Throwing
 + Level 9.3 Armour
 - Level 2.4 Dodging


You had 10 spell levels left.
You didn't know any spells.

Dungeon Overview and Level Annotations

Branches:
Dungeon (10/15)            Temple (1/1) D:7
   Lair: D:8-11         Orc: D:9-12

Altars:
Ashenzari
Dithmenos
Elyvilon
Fedhas
Gozag
Kikubaaqudgha
Makhleb
Nemelex Xobeh
Okawaru
Pakellas
Qazlal
Ru
Sif Muna
Trog
Vehumet
Xom
Yredelemnul
Zin
The Shining One

Shops:
D:4 *   D:7 =

Annotations:
D:10 Snorg, Sonja


Innate Abilities, Weirdness & Mutations

You have a somewhat thin skeletal structure (Dex +2, Stealth).
Scrolls take you longer to read.
Your flesh is cold resistant.
Armour fits poorly on your strangely shaped body.
You are robust (+10% HP).
You are occasionally teleported next to monsters.
Your spells are a little harder to cast, but a little more powerful.
You expend magic power (3 MP) to strengthen your wands.


Message History

Drink which item? (? for menu, Esc to quit)
You feel better. Snorg barely misses you. Snorg misses you. Snorg claws you!
* * * LOW HITPOINT WARNING * * *
Sonja misses you. Sonja hits you but does no damage.
You are poisoned.
Sonja misses you. Snorg bites you but does no damage. Snorg claws you!
* * * LOW HITPOINT WARNING * * *
Snorg closely misses you. Sonja barely misses you. Sonja closely misses you.
Sonja barely misses you.
You slash Snorg!
Snorg is severely wounded.
You miss Sonja.
Sonja is severely wounded.
* * * LOW HITPOINT WARNING * * *
You feel sick. Snorg barely misses you. x2
Snorg claws you but does no damage. Sonja closely misses you.
Sonja barely misses you. Sonja hits you but does no damage.
You are lethally poisoned!
Snorg misses you. Snorg claws you.
You die...

.................#..#####........
.(.....................#.........
........................#...##...
.......................##... #...
.......................# #. #....
#................#...... ##...
.....#........(......... ....#
........................ .....
................@T..#<. .##..
................K..#.[.. .
........................ .
........................ .
...................>.... .
........................ .
........................ .
........................ ..
..........."....... ..


You could see Snorg (berserk) and Sonja.

Vanquished Creatures
  A hydra (D:8)
  A hill giant (D:10)
  Joseph (D:9)
  Maurice (D:8)
  A gargoyle (D:7)
  Prince Ribbit (D:6)
  The ghost of Dickchan the Spear-Bearer, an amateur MfGl (D:5)
  Sigmund (D:4)
  A vampire (D:9)
  A wyvern (D:10)
  2 yaks (D:8)
  A hungry ghost (D:9)
  A water moccasin (D:10)
  A soldier ant (D:10)
  3 ice beasts
  4 sky beasts
  2 black bears
  A wasp (D:10)
  An eye of draining (D:8)
  4 orc warriors
  2 phantoms
  3 ogres
  3 centaurs
  4 big kobolds
  2 giant frogs
  A wyvern zombie (D:7)
  A water moccasin skeleton (D:10)
  A scorpion (D:4)
  5 killer bees (D:8)
  3 wights (D:8)
  4 howler monkeys (D:9)
  A crimson imp (D:6)
  A giant frog zombie (D:5)
  9 hounds
  A jelly (D:9)
  5 orc priests
  2 centaur skeletons
  An iguana (D:8)
  4 orc wizards
  5 worker ants
  A killer bee zombie (D:8)
  2 sheep (D:8)
  2 hound zombies
  2 worker ant zombies
  A howler monkey zombie (D:9)
  7 gnolls
  10 adders
  A howler monkey skeleton (D:8)
  A shadow imp (D:6)
  2 oozes
  An adder zombie (D:9)
  2 adder skeletons (D:4)
  3 worms
  2 dart slugs (D:2)
  6 giant geckos
  33 orcs
  4 bats
  6 giant cockroaches
  8 hobgoblins
  24 jackals
  3 quokkas
  A ball python (D:6)
  A giant gecko zombie (D:5)
  5 giant newts
  5 goblins
  A jackal skeleton (D:6)
  25 kobolds
  A quokka skeleton (D:9)
  11 rats
  7 plants (D:6)
266 creatures vanquished.

Notes
Turn   | Place    | Note
--------------------------------------------------------------
     0 | D:1      | Kloppie the Hill Orc Gladiator began the quest for the Orb.
     0 | D:1      | Reached XP level 1. HP: 18/18 MP: 1/1
   132 | D:1      | Reached XP level 2. HP: 25/25 MP: 2/2
   442 | D:1      | Reached XP level 3. HP: 29/31 MP: 3/3
   553 | D:2      | Reached skill level 1 in Armour
   637 | D:2      | Reached skill level 5 in Axes
   678 | D:2      | Found an ancient bone altar of Kikubaaqudgha.
   679 | D:2      | Found a blossoming altar of Fedhas.
   826 | D:2      | Reached XP level 4. HP: 38/38 MP: 4/4
  1734 | D:3      | Reached XP level 5. HP: 27/46 MP: 5/5
  2041 | D:3      | Reached skill level 6 in Axes
  2420 | D:4      | Found Puatular's Assorted Antiques.
  2423 | D:4      | Bought a shiny scale mail for 124 gold pieces
  2660 | D:4      | Reached XP level 6. HP: 40/52 MP: 6/6
  2894 | D:4      | Reached skill level 7 in Axes
  2906 | D:4      | Noticed Sigmund
  2907 | D:4      | Noticed a phantom
  2914 | D:4      | Killed Sigmund
  2914 | D:4      | Reached XP level 7. HP: 59/60 MP: 7/7
  2930 | D:4      | Reached skill level 5 in Fighting
  2930 | D:4      | Reached skill level 8 in Axes
  3667 | D:5      | Entered Level 5 of the Dungeon
  3708 | D:5      | Reached skill level 9 in Axes
  3809 | D:4      | Reached XP level 8. HP: 30/70 MP: 8/8
  4120 | D:5      | Gained mutation: You are dopey. (Int -2) [mutagenic meat]
  4122 | D:5      | Gained mutation: Scrolls take you a little longer to read. [mutagenic meat]
  4153 | D:5      | Noticed Dickchan's ghost (amateur MfGl)
  4188 | D:5      | Killed Dickchan's ghost
  4361 | D:5      | Reached skill level 10 in Axes
  4361 | D:5      | Reached skill level 5 in Armour
  4563 | D:5      | Gained mutation: Armour fits poorly on your strangely shaped body. [mutagenic meat]
  4564 | D:5      | Gained mutation: You are robust (+10% HP). [mutagenic meat]
  5142 | D:6      | Noticed Prince Ribbit
  5276 | D:6      | Reached XP level 9. HP: 36/86 MP: 9/9
  5608 | D:6      | Killed Prince Ribbit
  5608 | D:6      | Reached skill level 11 in Axes
  6186 | D:7      | Noticed a gargoyle
  6206 | D:7      | Killed a gargoyle
  6515 | D:7      | Found a staircase to the Ecumenical Temple.
  6536 | Temple   | Entered the Ecumenical Temple
  6600 | Temple   | Became a worshipper of Makhleb the Destroyer
  6915 | D:7      | Found Suuroed's Jewellery Shop.
  6923 | D:7      | Bought a cursed -3 ring of strength for 30 gold pieces
  6923 | D:7      | Bought a cursed ring of loudness for 67 gold pieces
  6923 | D:7      | Bought a cursed ring of teleportation for 67 gold pieces
  7127 | D:7      | Found an oddly glowing altar of Pakellas.
  7131 | D:7      | Found a shattered altar of Ashenzari.
  7134 | D:7      | Found a deep blue altar of Sif Muna.
  7327 | D:8      | Reached skill level 12 in Axes
  7702 | D:8      | Noticed Maurice
  7724 | D:8      | Killed Maurice
  7724 | D:8      | Reached * piety under Makhleb
  7724 | D:8      | Reached XP level 10. HP: 82/99 MP: 10/10
  7838 | D:8      | Reached skill level 13 in Axes
  8110 | D:8      | Noticed a three-headed hydra
  8117 | D:8      | Killed a one-headed hydra
  8274 | D:8      | Reached skill level 14 in Axes
  8418 | D:9      | Lost mutation: You are dopey. (Int -2) [mutagenic meat]
  8419 | D:9      | Gained mutation: You are occasionally teleported next to monsters. [mutagenic meat]
  8420 | D:9      | Gained mutation: You expend magic power (3 MP) to strengthen your wands. [mutagenic meat]
  8443 | D:9      | Noticed Joseph
  8457 | D:9      | Killed Joseph
  8457 | D:9      | Reached ** piety under Makhleb
  8919 | D:9      | Found a shimmering altar of Xom.
  8919 | D:9      | Found a glowing silver altar of Zin.
  8928 | D:9      | Reached skill level 10 in Fighting
  8969 | D:9      | Noticed an angel
  9165 | D:9      | Found an iron altar of Okawaru.
  9547 | D:10     | Entered Level 10 of the Dungeon
  9570 | D:10     | Reached XP level 11. HP: 99/110 MP: 11/11
  9792 | D:10     | Reached *** piety under Makhleb
  9792 | D:10     | Reached skill level 15 in Axes
  9811 | D:10     | Gained mutation: Your flesh is cold resistant. [mutagenic meat]
  9812 | D:10     | Gained mutation: Your spells are a little harder to cast, but a little more powerful. [mutagenic meat]
  9813 | D:10     | Gained mutation: Scrolls take you longer to read. [mutagenic meat]
  9814 | D:10     | Gained mutation: You have a somewhat thin skeletal structure (Dex +2, Stealth). [mutagenic meat]
  9882 | D:10     | Noticed a hill giant
  9900 | D:10     | Killed a hill giant
 10117 | D:10     | Noticed Snorg
 10119 | D:10     | Noticed Sonja
 10132 | D:10     | HP: 2/111 [Snorg (12)]
 10133 | D:10     | Slain by Snorg

Skill      XL: |  1  2  3  4  5  6  7  8  9 10 11 |
---------------+----------------------------------+-----
Fighting       | 3 4 5 7 8 10 | 10.5
Armour         | 1 2 3 4 5 7 8 9 |  9.3
Axes           | 5 6 7 9 10 12 14 15 | 15.2
Throwing       | |  1.7
Dodging        | |  2.4

Action                   |  1- 3 |  4- 6 |  7- 9 | 10-12 || total
-------------------------+-------+-------+-------+-------++-------
Melee: War axe           |    96 |   189 |   457 |   296 ||  1038
       Hand axe          |       |       |       |     8 ||     8
Throw: Throwing net      |     2 |     3 |     5 |       ||    10
Evoke: Wand              |       |       |     3 |       ||     3
  Use: Scroll            |       |     7 |    11 |     6 ||    24
       Potion            |       |     1 |     1 |     5 ||     7
 Stab: Held in net/web   |       |     1 |     2 |       ||     3
       Sleeping          |       |     1 |       |       ||     1
  Eat: Chunk             |       |     7 |    19 |    18 ||    44
       Pizza             |       |       |     1 |       ||     1
       Beef jerky        |       |       |       |     1 ||     1
Armor: Leather armour    |    38 |    13 |       |       ||    51
       Ring mail         |       |    52 |       |       ||    52
       Scale mail        |       |    37 |   157 |   149 ||   343
Dodge: Dodged            |    62 |   160 |   233 |   160 ||   615
